Map: Prion Terraces

Players

Miszu

  • Race: Terran Terran
  • League: Grandmaster

Rival - Winner!

  • Race: Zerg Zerg
  • League: Master

VOD

Have the link to the VOD?

Description

Time

  • Played on: Feb. 19, 2016, 6:49 p.m.
  • Length: 5:04
Show
View Real Time Build Order
Export as new Build Order

Miszu Terran 

Build Orders: Command Center First (CC) 

Get SALT Encoding   

  12  0:01  SCV  
  13  0:13  SCV  
  14  0:17  Supply Depot  
  14  0:25  SCV  
  15  0:39  SCV  
  16  0:51  SCV  
  17  1:00  Command Center  
  17  1:08  SCV  
  18  1:14  Barracks  
  18  1:20  SCV  
  19  1:32  SCV  
  20  1:33  Barracks  
  20  1:41  Barracks  
  20  1:44  SCV  
  21  1:47  Refinery  
  21  2:01  Marine  
  23  2:02  Orbital Command  
  20  2:18  Marine  
  21  2:26  Marine  
  21  2:27  Marine  
  23  2:33  Supply Depot  
  22  2:48  Marine  
  23  2:54  Command Center  
  23  2:56  Marine  
  25  2:59  Barracks Tech Lab  
  23  3:06  Marine, SCV  
  25  3:14  Marine  
  25  3:17  Combat Shields  
  25  3:19  Marine  
  26  3:24  Marine  
  26  3:25  SCV  
  29  3:31  Supply Depot  
  29  3:32  Marine  
  30  3:37  Marine  
  31  3:52  Marine x2  
  31  3:53  SCV  
  31  3:55  Marine  
  35  4:05  SCV  
  36  4:10  Marine x2  
  36  4:13  Marine  
  39  4:17  SCV  
  41  4:28  Factory, Marine x2, Orbital Command  
  41  4:29  SCV  
  41  4:31  Marine  
  44  4:36  Refinery  
  44  4:41  SCV  
Show
View Real Time Build Order
Export as new Build Order

Rival Zerg - Winner!

Build Orders: Pool First 

Get SALT Encoding   

  12  0:19  Spawning Pool  
  11  0:22  Drone  
  12  0:31  Drone x2  
  14  0:40  Overlord  
  14  1:06  Zergling x6, Queen  
  19  1:17  Zergling x2  
  20  1:29  Drone  
  21  1:38  Drone  
  22  1:42  Extractor  
  22  1:43  Extractor, Queen  
  24  1:55  Overlord  
  24  1:56  Hatchery  
  23  2:17  Drone  
  23  2:18  Overlord  
  23  2:21  Drone  
  25  2:26  Queen  
  25  2:29  Extractor  
  26  2:33  Drone x2  
  27  2:49  Drone  
  25  3:09  Queen  
  27  3:13  Zergling x2  
  27  3:14  Zergling x2  
  29  3:20  Hatchery  
  29  3:23  Zergling x2  
  29  3:30  Metabolic Boost  
  29  3:32  Zergling x2  
  31  3:34  Zergling x2  
  31  3:43  Drone x2  
  33  3:52  Drone x2  
  35  3:59  Drone x4  
  39  4:12  Baneling Nest  
  39  4:14  Drone  
  39  4:15  Overlord  
  39  4:17  Zergling x2  
  40  4:21  Zergling x4  
  42  4:27  Overlord  
  42  4:31  Extractor  
  41  4:42  Zergling x12  
  41  4:43  Zergling x4  
Tags
 
Add a new tag
Caveats
  • Supply blocks, unpowered buildings, or Contaminate may cause inaccurate times.
  • Supply counts are checked every 10 seconds.